 Dungeon Crawl Stone Soup version 0.28.0-62-gf88900778d (webtiles) character file.

Game seed: 5795792929536635589

201 cbfl8 the Chopper (level 5, 0/47 HPs)
             Began as a Minotaur Berserker on Mar 30, 2023.
             Was a Believer of Trog.
             Killed by nerve-wracking pain
             ... invoked by an orc priest
              (1 damage)
             ... on level 4 of the Dungeon.
             The game lasted 00:02:55 (3031 turns).

cbfl8 the Chopper (Minotaur Berserker)              Turns: 3031, Time: 00:02:55

Health: 0/47       AC:  8    Str: 22    XL:     5   Next: 50%
Magic:  4/4        EV:  8    Int:  4    God:    Trog [**....]
Gold:   160        SH:  0    Dex: 11    Spells: 4/4 levels left

rFire   + . .      SeeInvis .   a - +1 hand axe
rCold   x . .      Faith    .   (no shield)
rNeg    . . .      Spirit   .   r - +0 scale mail
rPois   .          Reflect  .   (helmet restricted)
rElec   .          Harm     .   l - +0 cloak
rCorr   .          Rampage  .   m - +0 pair of gloves
Will    .....                   (no boots)
Stlth   ..........              (no amulet)
HPRegen 0.15/turn               c - ring of fire
MPRegen 0.09/turn               (no ring)

@: on berserk cooldown, slowed, constricted, very slow
A: horns 2, retaliatory headbutt
a: Renounce Religion, Berserk, Trog's Hand


You were on level 4 of the Dungeon.
You worshipped Trog.
Trog was pleased with you.
You visited 1 branch of the dungeon, and saw 4 of its levels.

You collected 160 gold pieces.

Inventory:

Hand Weapons
 a - a +1 hand axe (weapon)
Armour
 l - a +0 cloak (worn)
 m - a +0 pair of gloves (worn)
 r - a +0 scale mail (worn)
Jewellery
 c - a ring of fire (left hand)
Wands
 e - a wand of mindburst (38)
 o - a wand of iceblast (2)
Scrolls
 n - a scroll of identify {unknown}
 p - a scroll of enchant armour {unknown}
 q - a scroll of fear {unknown}
Potions
 d - 4 potions of curing {unknown}
 f - 2 potions of invisibility {unknown}
 g - 2 potions of haste {unknown}
 j - a potion of lignification {unknown}


   Skills:
 + Level 4.7 Fighting
 + Level 5.6 Axes
 + Level 2.5 Armour
 + Level 3.6 Dodging
 + Level 1.3 Stealth


You had 4 spell levels left.
You didn't know any spells.
Your spell library was empty.

Dungeon Overview and Level Annotations

Branches:
Dungeon (4/15)
 Temple: D:4-7

Altars:
Trog
Wu Jian

Shops:
D:1 ([[?(   D:2 :


Innate Abilities, Weirdness & Mutations

You have a pair of horns on your head.
You reflexively headbutt those who attack you in melee.


Message History

Beogh smites you!
A red film seems to cover your vision as you go berserk!
You feel yourself moving faster!
You feel mighty!
The orc wizard gestures wildly while chanting.
The orc wizard flickers and vanishes!
Deactivating autopickup; reactivate with Ctrl-A.
The orc priest invokes the aid of Beogh against you.
Beogh smites you!
* * * LOW HITPOINT WARNING * * *
You are too injured to fight recklessly!
Unknown command.
You are too injured to fight recklessly!
You feel a strong urge to attack something.
A giant cockroach comes into view.
The orc priest invokes the aid of Beogh against you.
Beogh smites you!
* * * LOW HITPOINT WARNING * * *
You feel your anger nearly subside.
You are no longer berserk.
You are exhausted.
You feel yourself slow down.
As you read the scroll labelled GEHOZE BOYDO, it crumbles to dust.
It is a scroll of enchant weapon.
Your +0 hand axe glows red for a moment.
As you read the scroll labelled KANEWY FIKARA, it crumbles to dust.
The scroll dissolves into smoke.
It was a scroll of fog.
The ball python closely misses you. The ball python grabs you.
The ball python constricts you.
As you read the scroll labelled FUIGASEVI, it crumbles to dust.
You hear a loud clanging noise!
It was a scroll of noise.
You hear a shout!
You hear an angry hiss.
You hear a shout!
You hear a bark! x2
The ball python bites you.
* * * LOW HITPOINT WARNING * * *
The ball python constricts you.
The ball python bites you but does no damage.
The ball python constricts you.
The orc priest calls down the wrath of Beogh upon you.
Pain shoots through your body!
You die...

#...<.....#
#.........#
#.........#
#.........#
#.........##
#.....>....#
#....<..§.§##
####....§§§§#
#####§§@§##
#§oS§.# #Boo..##
..###..ol..####
................
.B.....l....>..#
..........######
...........#
...........#


You could see an iguana, 2 orc priests, an orc, a giant cockroach and a ball
python.

Vanquished Creatures
  A water moccasin (D:3)
  2 adders
  3 worms
  2 dart slugs
  2 orcs
  12 ball pythons
  5 endoplasms
  3 giant cockroaches
  4 goblins
  4 hobgoblins
  3 jackals (D:1)
  6 kobolds
  5 quokkas
  5 bats
  2 frilled lizards
  4 rats
63 creatures vanquished.

Notes
Turn   | Place    | Note
-------+----------+-------------------------------------------
     0 | D:1      | cbfl8 the Minotaur Berserker began the quest for the Orb.
     0 | D:1      | Reached XP level 1. HP: 19/19 MP: 0/0
    58 | D:1      | Reached XP level 2. HP: 27/27 MP: 1/1
    71 | D:1      | Reached skill level 4 in Axes
   130 | D:1      | Found Makim's Antique Armour Shoppe.
   155 | D:1      | Found Hoizxagu's Magic Scroll Shoppe.
   287 | D:1      | You fall into a shaft and drop 1 floor!
   293 | D:2      | Found an ornate altar of the Wu Jian Council.
   843 | D:1      | Found Ihuoh's Armour Shop.
   896 | D:1      | Reached XP level 3. HP: 22/33 MP: 2/2
  1042 | D:1      | Found Xyinoh's Weapon Boutique.
  1339 | D:1      | Reached ** piety under Trog
  1373 | D:1      | Found Famyolapt's Weapon Boutique.
  1797 | D:2      | Found Xaov's Book Shoppe.
  2143 | D:2      | Reached XP level 4. HP: 41/41 MP: 3/3
  2475 | D:3      | Noticed a water moccasin
  2482 | D:3      | Killed a water moccasin
  2483 | D:3      | Reached skill level 5 in Axes
  2483 | D:3      | Reached skill level 1 in Stealth
  2483 | D:3      | Reached XP level 5. HP: 47/47 MP: 4/4
  2726 | D:3      | Found a bloodstained altar of Trog.
  3026 | D:4      | HP: 2/70 [orc priest/divine providence (14)]
  3031 | D:4      | HP: 1/47 [ball python (1)]
  3031 | D:4      | Killed from afar by an orc priest

Illustrated notes

Levels and vault maps discovered:
D:1:      lightli_arrival_lavapool, layout_basic, serial_shops,
          nicolae_shop_advertising_works [nicolae_subvault_shop_adworks],
          shop_statue, nicolae_shop_bloodbath_and_beyond, nicolae_shop_trees,
          nicolae_shop_statue_plus
D:2:      layout_loops_corners, basic_altar, serial_shops, nicolae_diamond_shop,
          kennysheep_generic_room_10
D:3:      layout_basic, mainiacjoe_overflow_six_doors_small,
          kennysheep_generic_room_14
D:4:      minmay_thinvault, layout_cave_pods, kennysheep_generic_room_2

Skill      XL: |  1  2  3  4 |
---------------+-------------+-----
Axes           | 4 5 |  5.6
Fighting       | 4 |  4.7
Dodging        | 3 |  3.6
Stealth        | 1 |  1.3
Armour         | |  2.5

Action                   |  1- 3 |  4- 6 || total
-------------------------+-------+-------++-------
Melee: Hand axe          |    93 |    34 ||   127
       Headbutt          |    21 |     7 ||    28
Invok: Berserk           |       |     2 ||     2
  Use: Scroll            |       |     3 ||     3
 Stab: Sleeping          |     2 |     1 ||     3
Armor: Animal skin       |    12 |    13 ||    25
       Scale mail        |       |     2 ||     2
Dodge: Dodged            |    64 |    24 ||    88
